 Dungeon Crawl Stone Soup version 0.25.0-9-g26727b657a (webtiles) character file.

Game seed: 14876539928353598950

639 Esekla the Magician (level 7, -2/36 HPs)
             Began as a Vine Stalker Necromancer on June 20, 2020.
             Slain by Pikel
             ... wielding a +2 whip of electrocution
              (5 damage)
             ... on level 5 of the Dungeon.
             The game lasted 00:19:54 (3274 turns).

Esekla the Magician (Vine Stalker Necromancer)      Turns: 3274, Time: 00:19:55

Health: -2/36      AC:  7    Str: 11    XL:     7   Next: 51%
Magic:  0/24       EV: 12    Int: 16    God:
Gold:   84         SH:  0    Dex: 15    Spells: 12/16 levels left

rFire    + . .     SeeInvis .   a - +0 long sword
rCold    . . .     Gourm    .   (no shield)
rNeg     . . .     Faith    .   u - +2 robe {rF+}
rPois    .         Spirit   +   h - +0 helmet
rElec    .         Reflect  .   g - +0 cloak
rCorr    +         Harm     .   (no gloves)
MR       .....                  b - +0 pair of boots
Stlth    +++.......             (no amulet)
HPRegen  0.52/turn              e - ring of magical power
MPRegen  0.19/turn              j - ring of resist corrosion

@: no status effects
A: fangs 2, regeneration 1, magic shield, antimagic bite, no potion heal 3, rot
immunity
a: no special abilities


You were on level 5 of the Dungeon.
You were not hungry.

You visited 1 branch of the dungeon, and saw 5 of its levels.

You collected 84 gold pieces.

Inventory:

Hand Weapons
 a - a +0 long sword (weapon)
 s - a +0 short sword
 t - the +5 trident of Causality {speed, MR+ Int+5 Stlth-}
   (You found it on level 4 of the Dungeon)

   Attacks with this weapon are significantly faster.
   It affects your intelligence (+5).
   It affects your resistance to hostile enchantments.
   It makes you less stealthy.
Missiles
 v - 2 javelins (quivered)
Armour
 b - a +0 pair of boots (worn)
 g - a +0 cloak (worn)
 h - a +0 helmet (worn)
 u - a +2 robe of fire resistance (worn)
Jewellery
 e - a ring of magical power (left hand)
 j - a ring of resist corrosion (right hand)
Scrolls
 d - 2 scrolls of identify {unknown}
 k - a scroll of fear {unknown}
 l - a scroll of magic mapping {unknown}
 m - a scroll of remove curse {unknown}
 n - a scroll of teleportation {unknown}
 o - a scroll of enchant weapon {unknown}
 q - a scroll of fog {unknown}
 r - a scroll of amnesia {unknown}
Potions
 f - a potion of stabbing {unknown}
 i - a potion of flight {unknown}
 p - a potion of lignification {unknown}
Comestibles
 c - 3 rations


   Skills:
 * Level 3.0 Fighting
 + Level 1.5 Short Blades
 + Level 1.5 Polearms
 + Level 2.0 Dodging
 + Level 3.7 Stealth
 * Level 5.2 Spellcasting
 + Level 5.1 Necromancy


You had 12 spell levels left.
You knew the following spells:

 Your Spells              Type           Power        Failure   Level  Hunger
a - Pain                  Necr           ###.         1%          1    None
d - Vampiric Draining     Necr           ###.......   5%          3    ###....

Your spell library contained the following spells:

 Spells                   Type           Power        Failure   Level  Hunger
 Animate Skeleton         Necr           N/A          1%          1    None
 Animate Dead             Necr           N/A          19%         4    ####...
 Agony                    Necr           ###.....     45%         5    ######.


Dungeon Overview and Level Annotations

Branches:
Dungeon (5/15)
 Temple: D:4-7

Altars:
Sif Muna

Annotations:
D:5 Pikel


Innate Abilities, Weirdness & Mutations

You have extremely sharp teeth.
Your natural rate of healing is unusually fast.
When hurt, damage is shared between your health and your magic reserves.
Your bite disrupts and absorbs the magic of your enemies.
Potions cannot restore your health.
You are immune to rotting.


Message History

You feel life coursing into your body.
Pikel hits you with a +2 whip of electrocution.
You hit Pikel but do no damage. Your bite misses Pikel.
Pikel is heavily wounded.
Pikel hits you with a +2 whip of electrocution!
Pikel completely misses you.
You riposte.
You hit Pikel.
Pikel is heavily wounded.
You hit Pikel.
Pikel is heavily wounded.
Pikel barely misses you.
You closely miss Pikel. Your bite misses Pikel.
Pikel is heavily wounded.
Pikel says, "Wow, you'd add a bit of variety to my gang!"
Pikel hits you with a +2 whip of electrocution.
You are electrocuted!
* * * LOW HITPOINT WARNING * * *
You barely miss Pikel.
Pikel is heavily wounded.
Pikel hits you with a +2 whip of electrocution.
You die...

#.......####..####.##
##.....## ###..#.##
##....## ##..##
#......# ###.###
#......# ##.#..#
#.....#..## #.#####
.....###.p# #####.#
.#... ##K###.....##
##. ##@.#....#.## ##
#####..###.# #### ###


You could see Pikel and a slave.

Vanquished Creatures
  An ice beast (D:5)
  2 ogres (D:4)
  Blork the orc (D:5)
  2 scorpions (D:4)
  A crimson imp (D:5)
  2 jellies
  An orc wizard (D:4)
  2 worker ants
  2 adders
  2 worms (D:2)
  A leopard gecko (D:3)
  An orc (D:4)
  2 giant cockroaches
  3 goblins
  A hobgoblin (D:3)
  2 kobolds (D:2)
  A bat (D:2)
  A leopard gecko zombie (D:5)
  A quokka skeleton (D:4)
  A rat (D:2)
30 creatures vanquished.

Notes
Turn   | Place    | Note
-------+----------+-------------------------------------------
     0 | D:1      | Esekla the Vine Stalker Necromancer began the quest for the
                  | Orb.
     0 | D:1      | Reached XP level 1. HP: 9/9 MP: 4/4
   454 | D:2      | Reached XP level 2. HP: 2/13 MP: 0/6
  1162 | D:2      | Reached XP level 3. HP: 10/16 MP: 8/8
  1274 | D:2      | Learned a level 3 spell: Vampiric Draining
  1703 | D:4      | Noticed an ogre
  1737 | D:4      | Got a jewelled trident
  1738 | D:4      | Identified the +5 trident of Causality {speed, MR+ Int+5
                  | Stlth-} (You found it on level 4 of the Dungeon)
  1847 | D:4      | Reached skill level 1 in Fighting
  1847 | D:4      | Gained mutation: Your natural rate of healing is unusually
                  | fast. [Vine Stalker growth]
  1847 | D:4      | Reached XP level 4. HP: 22/22 MP: 10/10
  1900 | D:4      | Reached XP level 5. HP: 17/26 MP: 6/11
  1991 | D:4      | Noticed an ogre
  1997 | D:4      | Killed an ogre
  2058 | D:4      | Reached XP level 6. HP: 30/30 MP: 13/13
  2203 | D:4      | Found a shimmering blue altar of Sif Muna.
  2566 | D:4      | Reached skill level 1 in Short Blades
  2595 | D:4      | Reached skill level 5 in Necromancy
  2718 | D:5      | Entered Level 5 of the Dungeon
  2871 | D:5      | Reached skill level 5 in Spellcasting
  2871 | D:5      | Reached XP level 7. HP: 35/35 MP: 15/15
  2940 | D:5      | Reached skill level 1 in Polearms
  2978 | D:5      | Noticed Blork the orc
  2997 | D:5      | Killed Blork the orc
  3252 | D:5      | Noticed Pikel
  3274 | D:5      | Slain by Pikel

Illustrated notes

Levels and vault maps discovered:
D:1:      mushboom_english_gardens, layout_basic, minmay_fountain_box,
          serial_bayou_pond_b
D:2:      layout_basic
D:3:      layout_rooms
D:4:      layout_basic, hangedman_decor_push, tgw_sif
D:5:      lemuel_upstairs_altar, layout_layer_cave, first_ration,
          serial_park_tiny_2, uniq_pikel, uniq_duvessa, uniq_sigmund,
          uniq_blork_the_orc

Skill      XL: |  1  2  3  4  5  6  7 |
---------------+----------------------+-----
Spellcasting   | 3 4 5 |  5.2
Fighting       | 1 2 3 |  3.0
Stealth        | 3 |  3.7
Short Blades   | 1 |  1.5
Necromancy     | 5 |  5.1
Polearms       | 1 |  1.5
Dodging        | 2 |  2.0

Action                   |  1- 3 |  4- 6 |  7- 9 || total
-------------------------+-------+-------+-------++-------
Melee: Short sword       |    20 |    27 |       ||    47
       Bite              |     6 |    11 |     5 ||    22
       Trident           |     3 |    32 |    31 ||    66
       Long sword        |       |       |     8 ||     8
Throw: Javelin           |       |       |     1 ||     1
 Cast: Pain              |    32 |       |     2 ||    34
       Vampiric Draining |     1 |     6 |     2 ||     9
 Stab: Sleeping          |     1 |     2 |       ||     3
  Eat: Chunk             |     3 |     3 |     2 ||     8
Armor: Robe              |     3 |    13 |     6 ||    22
Dodge: Dodged            |    13 |    27 |    13 ||    53
       Rpst.: Long sword |       |       |     2 ||     2
